AoeStats
← Rob

MegaRandom

503428234Analyzed
1v1 RM · 1mo ago on Aug 31, 2026· 21m 12s· 2 players
Game mode
Random Map
Map size
Tiny (2 player)
Population
200
Speed
Normal
Resources
Standard
Victory
Conquest
Starting age
Dark Age
Ending age
Imperial Age
RankedLock teamsTeams togetherTeam positionsShared explorationLock speedFull tech treeHidden civsTurbo modeCheats
Victory
Defeat
🇨🇴 Byzantines · Colombia
420
+20
🇺🇸 Spanish · United States
507
-20
sirsamuelosorio
3:01 Loom
11:19 Feudal Age
11:36 Feudal Age
14:37 Wheelbarrow
16:58 Castle Age
19:00 Man-at-Arms
19:55 Forging
19:46 Scale Mail Armor
Rob
7:44 Loom
10:16 Feudal Age
10:46 Horse Collar
11:42 Double-Bit Axe
15:45 Bloodlines
17:36 Scale Barding Armor
20:20 Castle Age
18:39 Fishing Lines
20:59 Scale Barding Armor
21:08 Husbandry
Connection lost

Rejoining the realm…

Still unreachable

The connection could not be restored.

Session expired

The server has moved on; the page needs a fresh start.